Zazza, neutral female human Tourist --- -------- ..------- |..--..-- ......<.---.......| ..----............| .-- -----.......----- ...........| ..----.---- - |....| -.. ---..-- ---h.- |..^.`| |f^@- --.--.---.--- ---|....... ---.-... . .. Zazza the Sightseer Experience level: 4 Strength: 15 Dexterity: 17 Constitution: 15 Intelligence: 14 Wisdom: 8 Charisma: 11 Health: 0(36) Energy: 16(16) Def: 6 Gold: 801 Moves: 2484 Dungeon seed: wtcwst8Q1rW2Yq2g Game ID: Zazza_1563029953 Your Inventory: Coins $ - 801 gold pieces Weapons a - 28 +2 darts (in quiver) D - a +0 javelin E - 8 +0 elven arrows G - a +0 dagger Armor e - an uncursed +0 Hawaiian shirt (being worn) r - an uncursed +0 orcish helm (being worn) y - an uncursed +1 pair of kicking boots (being worn) z - an uncursed +0 studded leather armor (being worn) Comestibles c - 3 uncursed food rations h - 2 uncursed lembas wafers Scrolls l - 3 uncursed scrolls of magic mapping B - an uncursed scroll of light Potions s - an uncursed potion of blindness t - an uncursed potion of restore ability C - an uncursed potion of object detection Wands w - a wand of magic missile (0:3) Tools m - an expensive camera (0:61) n - an uncursed credit card F - a +0 pick-axe H - 6 blessed partly used tallow candles (lit) (0:141) Gems q - an uncursed worthless piece of yellow glass N - an uncursed amber stone Y - 2 uncursed worthless pieces of violet glass Spells and supernatural/magical abilities: Name Level Category Fail Memory W - pray for help -- divine ? -- Your skills at the end: Fighting Skills bare handed combat [Basic] Weapon Skills dart [Basic] Spellcasting Skills Final Attributes: You were devoutly aligned. You are dead. Vanquished creatures: a gnome lord a gnomish wizard 2 dwarves a coyote 2 giant rats a brown mold 2 yellow molds 8 gnomes 4 jackals 2 foxes 2 kobolds a goblin 2 sewer rats 5 grid bugs a bat 7 lichens 7 newts 49 creatures vanquished. Voluntary challenges: You never hit with a wielded weapon. You read items or engraved 2 times, starting on turn 1492. You never genocided any monsters. You never polymorphed an object. You never changed form. You used no wishes. You never split a pudding. You never wrote Elbereth's name. You never violated your personal moral code. Dungeon overview: The Dungeons of Doom: levels 1 to 3 Level 1 a long staircase Level 2 a general store, some altars to Blind Io and Offler Level 3 an armor shop, a fountain, a sink stairs to The Gnomish Mines The Gnomish Mines: Level 4 <- You were here stairs to The Dungeons of Doom History has recorded: On T:1 you entered the Dungeons of Doom to retrieve the Amulet of Yendor! On T:345 you reached level 2 of The Dungeons of Doom. On T:949 you advanced to experience level 2. On T:1563 you reached level 3 of The Dungeons of Doom. On T:2339 you reached level 1 of The Gnomish Mines. On T:2363 you advanced to experience level 3. On T:2388 you advanced to experience level 4. Score breakdown: Gold: 549 ( 9321 points) Experience: 4 levels ( 9649 points) Exploration: 4 levels ( 8.16%) ( 7500 points) Discoveries: 5 items ( 1.68%) ( 3885 points) Valuables value: (no points given unless you survive) Artifact value: 0 ( 0 points) Variety of kills: 17 monsters ( 4.46%) ( 6336 points) Turncount: 2484 turns ( -321 points) Survival: died (score multiplied by 80%) Total score: 29096 Latest messages: You displace Armand. Click! Armand triggers a rolling boulder trap. It misses. The boulder misses it. You try to move the boulder, but in vain. You are momentarily blinded by a flash of light! Wait! There's something there you can't see! There's still a monster there. It hits! There's still a monster there. (2x) It hits! There's still a monster there. (2x) It hits! There's still a monster there. (2x) It misses. There's still a monster there. You can see again. You miss it. The dwarf thrusts his broad short sword. The dwarf hits! You hit it. You miss it. The dwarf thrusts his broad short sword. The dwarf hits! You die... Final status: Aloha Zazza the Tourist, killed by a dwarf... You died in The Gnomish Mines on dungeon level 4 with 29096 points, and 801 pieces of gold, after 2484 moves. You were level 4 with a maximum of 36 hit points when you died.